[Event "Titled Tuesday Blitz March 28 Late 2023"]
[White "Khumalo, Keith"]
[Black "Pakleza, Zbigniew"]
[WhiteFideId "14319470"]
[BlackFideId "1119290"]
[WhiteElo "2056"]
[BlackElo "2410"]
[Result "1-0"]
[Round "10"]
[TimeControl "180+2"]
[Date "2023.03.28"]
[WhiteClock "0:02:21"]
[BlackClock "0:00:03"]

1. d4 d6 2. c4 e5 3. d5 f5 4. Nc3 Nf6 5. e4 fxe4 6. Nge2 Nbd7 7. Ng3 Nc5 8. Qc2 Nd3+ 9. Bxd3 exd3 10. Qxd3 Be7 11. O-O O-O 12. h3 a5 13. Nf5 b6 14. Re1 Rf7 15. Nxe7+ Rxe7 16. Bg5 Qf8 17. f4 exf4 18. Bxf4 Rf7 19. Bg5 Nh5 20. Rf1 Bf5 21. Qf3 Bg6 22. Qg4 Re8 23. Rxf7 Qxf7 24. Rf1 Nf6 25. Bxf6 gxf6 26. Qf4 Kg7 27. Nb5 Re4 28. Qc1 Qe7 29. b3 Re2 30. Nd4 Rxa2 31. Ne6+ Kf7 32. Qh6 Ke8 33. Re1 Kf7 34. Qg7+ 1-0


[Site "https://www.chess.com"]

[Event "Titled Tuesday Blitz March 28 Late 2023"]
[White "Srinath, Rao S.V."]
[Black "Ashraf, Artin"]
[WhiteFideId "5028876"]
[BlackFideId "22514805"]
[WhiteElo "2196"]
[BlackElo "2188"]
[Result "0-1"]
[Round "10"]
[TimeControl "180+2"]
[Date "2023.03.28"]
[WhiteClock "0:00:23"]
[BlackClock "0:01:03"]

1. d4 d5 2. Nc3 Bf5 3. Bf4 a6 4. e3 e6 5. g4 Bg6 6. h4 h6 7. h5 Bh7 8. Nf3 c5 9. Ne5 Nc6 10. Qd2 Rc8 11. Bg2 Nf6 12. g5 hxg5 13. Bxg5 cxd4 14. exd4 Qb6 15. Nxc6 Rxc6 16. Na4 Qb5 17. b3 Rxc2 18. Bf1 Rxd2 19. Bxb5+ axb5 20. Bxd2 bxa4 21. bxa4 Be4 22. Rh3 Rxh5 23. Rxh5 Nxh5 24. Rc1 Kd7 25. a5 Bd3 26. Rc3 Ba6 27. Rh3 Nf6 28. Rh8 Be7 29. f3 Ne8 30. Kf2 Bf6 31. Be3 Nd6 32. Rf8 Ke7 33. Rh8 Nf5 34. Rc8 Nxd4 35. Rc7+ Ke8 36. Bf4 Nc6 37. Bd6 Bd8 0-1


[Site "https://www.chess.com"]

[Event "Titled Tuesday Blitz March 28 Late 2023"]
[White "Timmermans, Mark"]
[Black "Sochacki, Christophe"]
[WhiteFideId "1026399"]
[BlackFideId "662569"]
[WhiteElo "2460"]
[BlackElo "2474"]
[Result "1-0"]
[Round "10"]
[TimeControl "180+2"]
[Date "2023.03.28"]
[WhiteClock "0:00:50"]
[BlackClock "0:00:01"]

1. e4 c5 2. Nf3 e6 3. d4 cxd4 4. Nxd4 Nc6 5. Nc3 Qc7 6. Be3 Nf6 7. Qf3 a6 8. O-O-O Bb4 9. Nxc6 Qxc6 10. Bd4 Be7 11. Qg3 O-O 12. f3 b5 13. h4 b4 14. Ne2 d6 15. Kb1 e5 16. Be3 Be6 17. Nc1 Rfc8 18. Bd3 Nh5 19. Qe1 a5 20. g4 Nf4 21. Bxf4 exf4 22. e5 a4 23. Qe4 Qxe4 24. Bxe4 dxe5 25. Bxa8 Rxa8 26. Nd3 b3 27. axb3 axb3 28. Nxe5 Bf6 29. Nd7 Be7 30. h5 h6 31. Rhe1 bxc2+ 32. Kxc2 Rc8+ 33. Kb1 Rc6 34. Rc1 Rd6 35. Nc5 Rd4 36. Nxe6 fxe6 37. Rxe6 Bf6 38. Re2 Rd3 39. Rf1 Kf7 40. Kc2 Rd7 41. Rd1 Rc7+ 42. Kb1 Rb7 43. Rd3 g6 44. hxg6+ Kxg6 45. Rd6 Kg7 46. Rc2 Rb3 47. Rc7+ Kg6 48. Rcc6 Rxf3 49. Rxf6+ Kg5 50. Rg6+ Kh4 51. Rxh6+ Kxg4 52. Rcg6+ Kf5 53. Ka2 Rf1 54. Rf6+ Ke4 55. Rh4 Ke3 56. b4 1-0


[Site "https://www.chess.com"]

[Event "Titled Tuesday Blitz March 28 Late 2023"]
[White "Dobre, Claudiu-Cristian"]
[Black "Mendonca, Leon Luke"]
[WhiteFideId "1211854"]
[BlackFideId "35028561"]
[WhiteElo "2207"]
[BlackElo "2464"]
[Result "0-1"]
[Round "10"]
[TimeControl "180+2"]
[Date "2023.03.28"]
[WhiteClock "0:00:01"]
[BlackClock "0:01:16"]

1. e4 c6 2. Nf3 d5 3. exd5 cxd5 4. Ne5 Nc6 5. d4 a6 6. c3 Nxe5 7. dxe5 Bf5 8. Be3 e6 9. Na3 Ne7 10. Nc2 Nc6 11. f4 Rc8 12. Nd4 Nxd4 13. Bxd4 Bc5 14. Be2 O-O 15. Bxc5 Rxc5 16. O-O Qc7 17. a4 h6 18. Qd4 Rc6 19. Rfd1 Rb8 20. Rd2 Qa5 21. Rdd1 Be4 22. Kf2 Bg6 23. b4 Qc7 24. Rdc1 Rc8 25. Ra3 Rf8 26. Kg1 a5 27. b5 Rc5 28. g3 Rc8 29. Kf2 b6 30. Ke3 Qe7 31. Rb3 Rf8 32. Kd2 f6 33. Rb2 Qc7 0-1


[Site "https://www.chess.com"]

[Event "Titled Tuesday Blitz March 28 Late 2023"]
[White "Melkumyan, Hrant"]
[Black "Grebeniuk, Semen"]
[WhiteFideId "13302485"]
[BlackFideId "14117509"]
[WhiteElo "2604"]
[BlackElo "2266"]
[Result "1-0"]
[Round "10"]
[TimeControl "180+2"]
[Date "2023.03.28"]
[WhiteClock "0:00:57"]
[BlackClock "0:00:24"]

1. d4 f5 2. Nc3 Nf6 3. Bg5 d5 4. e3 e6 5. Nf3 Be7 6. Bd3 O-O 7. Ne2 b6 8. c4 Ba6 9. cxd5 Bxd3 10. Qxd3 Nxd5 11. Bxe7 Qxe7 12. O-O Nd7 13. Rfc1 c5 14. dxc5 Nxc5 15. Qa3 f4 16. Nxf4 Nxf4 17. exf4 Rxf4 18. Re1 Raf8 19. Qe3 a5 20. Rad1 Qf6 21. Qe5 Rxf3 22. gxf3 Qxf3 23. Qg3 Qf5 24. Rd4 h6 25. Rg4 Rf7 26. Kh1 Nd3 27. Rf1 Nxf2+ 28. Rxf2 Qxf2 29. Rxg7+ Kf8 30. Rg8+ Ke7 31. Qc7+ Kf6 32. Qd8+ Kf5 33. Qd3+ Kf6 34. Qc3+ Ke7 35. Qc7+ Kf6 36. Qd8+ Kf5 37. Qd3+ Kf6 38. Rg2 Qe1+ 39. Rg1 Qe5 40. Qd8+ Re7 41. Qh8+ Kf5 42. Rf1+ 1-0


[Site "https://www.chess.com"]

[Event "Titled Tuesday Blitz March 28 Late 2023"]
[White "angelgab3"]
[Black "Smirnov, Pavel"]
[BlackFideId "4123425"]
[WhiteElo "2570"]
[BlackElo "2519"]
[Result "1-0"]
[Round "10"]
[TimeControl "180+2"]
[Date "2023.03.28"]
[WhiteClock "0:00:07"]
[BlackClock "0:00:12"]

1. e4 e5 2. Nf3 Nc6 3. Bb5 a6 4. Ba4 Nf6 5. O-O Be7 6. Re1 b5 7. Bb3 O-O 8. a4 b4 9. a5 d6 10. h3 Rb8 11. c3 Rb5 12. d4 bxc3 13. Nxc3 Rxa5 14. Rxa5 Nxa5 15. dxe5 dxe5 16. Nxe5 Qxd1 17. Bxd1 Bc5 18. Nd3 Bb6 19. e5 Bf5 20. exf6 Bxd3 21. Nd5 Bd4 22. fxg7 Bxg7 23. b4 Nc6 24. Bg5 Bc4 25. Nf6+ Kh8 26. Bf3 Nxb4 27. Re4 h6 28. Bh4 Nd5 29. Nd7 Bb5 30. Nxf8 Bxf8 31. Rd4 c6 32. Bxd5 cxd5 33. Bf6+ Bg7 34. Bxg7+ Kxg7 35. Rxd5 Kg6 36. g4 f6 37. Kh2 Kf7 38. Rd6 Ke7 39. Rb6 Kf7 40. Kg3 Kg6 41. Kf4 Kf7 42. h4 Bd3 43. Rb7+ Ke6 44. Ra7 Kd5 45. f3 Kc5 46. Rf7 a5 47. Rxf6 a4 48. Rf8 a3 49. Ra8 Kb4 50. g5 hxg5+ 51. hxg5 Bb5 52. Rxa3 Kxa3 53. Ke5 Kb4 54. g6 Kc5 55. f4 Kc6 56. Ke6 Bc4+ 57. Ke7 Kd5 58. f5 Ke5 59. f6 1-0


[Site "https://www.chess.com"]

[Event "Titled Tuesday Blitz March 28 Late 2023"]
[White "Wagner, Dennis"]
[Black "Vafin, Ayrat"]
[WhiteFideId "24650684"]
[BlackFideId "4146530"]
[WhiteElo "2470"]
[BlackElo "2317"]
[Result "1-0"]
[Round "10"]
[TimeControl "180+2"]
[Date "2023.03.28"]
[WhiteClock "0:00:18"]
[BlackClock "0:00:03"]

1. d4 d5 2. Nf3 Nf6 3. g3 b5 4. Bg2 Bb7 5. O-O Nbd7 6. Qd3 a6 7. Bf4 e6 8. Nbd2 Be7 9. Ne5 O-O 10. e4 c5 11. Nxd7 Qxd7 12. dxc5 Bxc5 13. e5 Ne8 14. Nb3 Bb6 15. Be3 Bxe3 16. Qxe3 Nc7 17. a4 bxa4 18. Nc5 Qb5 19. c4 Qb6 20. Nxa4 Qxe3 21. fxe3 Rab8 22. c5 d4 23. c6 Bc8 24. exd4 Rb4 25. Rfd1 Rc4 26. Nb6 Rb4 27. Nd7 Bxd7 28. cxd7 Rd8 29. Bc6 Kf8 30. Rd2 Ke7 31. Rc1 Nd5 32. Kf2 Nb6 33. Ra1 Nxd7 34. Rxa6 Rb6 35. Rxb6 Nxb6 36. Bb5 Rd5 37. Be2 Rd8 38. b4 Nd5 39. b5 Rc8 40. Rb2 Rb8 41. Rc2 Kd7 42. Rc5 Nc7 43. Bc4 Rb6 44. h4 Rb8 45. Kf3 Na8 46. Rc6 Nb6 47. Bb3 Nc8 48. Ba4 Ne7 49. Ra6 Kd8 50. Rd6+ Kc7 51. b6+ Rxb6 52. Rd7+ Kc8 53. Rxe7 Rb4 54. Bd7+ Kd8 55. Rxf7 Rxd4 56. Bxe6 Rd3+ 57. Kf4 Rd1 58. Rxg7 Ke8 59. g4 Kf8 60. Rxh7 Rf1+ 61. Kg5 Re1 62. Kf6 Rf1+ 63. Bf5 Ke8 64. Rh8# 1-0


[Site "https://www.chess.com"]

[Event "Titled Tuesday Blitz March 28 Late 2023"]
[White "Mekhitarian, Krikor Sevag"]
[Black "Vaglio Munoz, Jaime"]
[WhiteFideId "2107660"]
[BlackFideId "6500145"]
[WhiteElo "2604"]
[BlackElo "2199"]
[Result "1-0"]
[Round "10"]
[TimeControl "180+2"]
[Date "2023.03.28"]
[WhiteClock "0:00:06"]
[BlackClock "0:00:02"]

1. Nf3 d6 2. d4 Nf6 3. c4 g6 4. Nc3 Bf5 5. Nh4 Bd7 6. e4 Bg7 7. h3 e5 8. Nf3 exd4 9. Nxd4 O-O 10. Bd3 Re8 11. O-O Nc6 12. Be3 Ng4 13. hxg4 Nxd4 14. f3 c5 15. Qd2 Qh4 16. Bf2 Qd8 17. Ne2 Nc6 18. Rad1 Be6 19. b3 Qe7 20. Bb1 Rad8 21. Rfe1 Be5 22. g5 Bg7 23. Be3 Ne5 24. Nc3 a6 25. Nd5 Bxd5 26. exd5 Qc7 27. Bd3 Nxd3 28. Qxd3 Re7 29. Bf4 Rde8 30. Rxe7 Rxe7 31. Kf1 Be5 32. Bd2 Qd7 33. Re1 f5 34. gxf6 Bxf6 35. Rxe7 Qxe7 36. Bf4 Be5 37. Qe4 Kf7 38. Bxe5 Qxe5 39. Qxe5 dxe5 40. Kf2 Kf6 41. Ke3 h5 42. g3 Kf5 43. Kf2 a5 44. Ke3 b6 45. Kd3 g5 46. Ke3 Kf6 47. Ke4 h4 48. gxh4 gxh4 49. Ke3 h3 50. Kf2 Kf5 51. Kg3 Kf6 52. Kxh3 Kg5 53. Kg3 Kf5 54. Kf2 1-0


[Site "https://www.chess.com"]

[Event "Titled Tuesday Blitz March 28 Late 2023"]
[White "Baskakov, Egor"]
[Black "Feng, Eric"]
[WhiteFideId "24197866"]
[BlackFideId "30952590"]
[WhiteElo "2212"]
[BlackElo "1785"]
[Result "0-1"]
[Round "10"]
[TimeControl "180+2"]
[Date "2023.03.28"]
[WhiteClock "0:00:19"]
[BlackClock "0:00:21"]

1. e4 c6 2. d4 d5 3. e5 c5 4. c4 cxd4 5. Nf3 Nc6 6. Nxd4 e6 7. Nc3 Bc5 8. Nxc6 bxc6 9. cxd5 cxd5 10. Bd3 Ne7 11. O-O Ng6 12. Qe2 O-O 13. Kh1 f5 14. exf6 Qxf6 15. f4 Bb7 16. Bd2 Rae8 17. Rae1 Bd6 18. g3 Rf7 19. Qh5 Rfe7 20. Nb5 Bb8 21. Kg1 a6 22. Bc3 Qf7 23. f5 exf5 24. Rxe7 Rxe7 25. Nd4 Ba7 26. Bxf5 Qf6 27. Bxg6 Bxd4+ 28. Kg2 hxg6 29. Qg4 Bxc3 30. Rxf6 Bxf6 31. Qxg6 d4+ 32. Kh3 Be4 33. Qg4 d3 34. Qc8+ Kh7 35. Qd8 Bf5+ 0-1


[Site "https://www.chess.com"]

[Event "Titled Tuesday Blitz March 28 Late 2023"]
[White "Rytenko, Vsevolod"]
[Black "Urazayev, Arystanbek"]
[WhiteFideId "14133040"]
[BlackFideId "13709810"]
[WhiteElo "2262"]
[BlackElo "2479"]
[Result "0-1"]
[Round "10"]
[TimeControl "180+2"]
[Date "2023.03.28"]
[WhiteClock "0:00:05"]
[BlackClock "0:01:07"]

1. d4 Nf6 2. Nf3 g6 3. c4 Bg7 4. Nc3 O-O 5. e4 d6 6. Be2 e5 7. d5 Na6 8. Be3 Nc5 9. Nd2 a5 10. b3 c6 11. a3 cxd5 12. cxd5 Bd7 13. O-O Rc8 14. Rc1 Ne8 15. b4 Na6 16. Qb3 f5 17. f3 axb4 18. axb4 Nf6 19. Qa3 Ra8 20. Qb2 Nh5 21. Nc4 Qe7 22. Nb6 Rad8 23. Nxd7 Rxd7 24. Na4 Nf4 25. b5 Qg5 26. Bxf4 exf4 27. Qd2 Nc5 28. Nxc5 dxc5 29. Rxc5 fxe4 30. fxe4 Qe5 31. Rc4 h5 32. Kh1 Kh7 33. b6 Rd6 34. Rb1 Ra8 35. Bf3 Ra1 36. Rcc1 Ra3 37. Rc7 Ra1 38. Qc2 Rxb6 39. Rc1 Rxc1+ 40. Qxc1 Qxc7 0-1


[Site "https://www.chess.com"]

[Event "Titled Tuesday Blitz March 28 Late 2023"]
[White "Sokac, Marko"]
[Black "Flores, Diego"]
[WhiteFideId "14531356"]
[BlackFideId "108049"]
[WhiteElo "2355"]
[BlackElo "2606"]
[Result "0-1"]
[Round "10"]
[TimeControl "180+2"]
[Date "2023.03.28"]
[WhiteClock "0:00:06"]
[BlackClock "0:00:04"]

1. e4 c5 2. a3 e6 3. b4 d5 4. exd5 exd5 5. Nf3 Nf6 6. Bb5+ Nc6 7. O-O Bd6 8. bxc5 Bxc5 9. d4 Bd6 10. h3 O-O 11. Re1 Ne4 12. Bd3 Bf5 13. c4 Qf6 14. cxd5 Nxd4 15. Bxe4 Nxf3+ 16. Qxf3 Qxa1 17. Bxf5 Rfe8 18. Rd1 Qe5 19. g3 Rad8 20. Nc3 Bc5 21. Ne4 Bd4 22. Bxh7+ Kf8 23. d6 Bb6 24. Ng5 Qf6 25. Bc2 Qxf3 26. Nxf3 Re2 27. Bg5 f6 28. Rd2 Bxf2+ 29. Kg2 Rxd2 30. Bxd2 Bc5 31. Bf4 Bxa3 32. Nd4 Kg8 33. Ne6 Rd7 34. Ba4 Rxd6 35. Bxd6 Bxd6 36. Nd8 b6 37. Nc6 a5 38. g4 Kf7 39. Kf3 Ke6 40. Ke4 Bc5 41. Nd4+ Bxd4 42. Kxd4 g5 43. Ke4 Kd6 44. Kf5 Kc5 45. Kxf6 b5 46. Bc2 a4 47. Kxg5 a3 48. Bb3 Kb4 49. Ba2 Ka4 50. h4 b4 51. h5 b3 0-1


[Site "https://www.chess.com"]

[Event "Titled Tuesday Blitz March 28 Late 2023"]
[White "Lenaerts, Lennert"]
[Black "Lamard, Guillaume"]
[WhiteFideId "211435"]
[BlackFideId "600261"]
[WhiteElo "2334"]
[BlackElo "2413"]
[Result "0-1"]
[Round "10"]
[TimeControl "180+2"]
[Date "2023.03.28"]
[WhiteClock "0:01:10"]
[BlackClock "0:00:47"]

1. d4 Nf6 2. c4 g6 3. Nc3 Bg7 4. e4 d6 5. f3 O-O 6. Be3 a6 7. Nge2 b5 8. cxb5 axb5 9. Nxb5 c6 10. Nbc3 Nbd7 11. Nc1 e5 12. Be2 exd4 13. Bxd4 c5 14. Be3 Ne5 15. O-O Be6 16. b3 Qa5 17. Qd2 Nfd7 18. Rb1 Qxc3 19. Qxc3 Nxf3+ 20. Bxf3 Bxc3 21. a4 Be5 22. Nd3 Rfb8 23. Bd1 Rxa4 24. Nxe5 Nxe5 25. bxa4 Rxb1 26. Be2 Rb2 27. Bb5 Bc4 28. Bxc4 Nxc4 29. Bf4 Ra2 30. Rd1 Rxa4 31. h3 Kg7 32. Kh2 Ra6 33. Rd5 Rc6 34. g4 Kf6 35. Kg3 Ke6 36. Rd1 Ne5 37. Kf2 c4 38. Ke3 Rb6 39. Kd4 Rb3 0-1


[Site "https://www.chess.com"]

[Event "Titled Tuesday Blitz March 28 Late 2023"]
[White "Ozates, Tuna"]
[Black "Levine, Joseph"]
[WhiteFideId "6354521"]
[BlackFideId "30940346"]
[WhiteElo "2151"]
[BlackElo "2351"]
[Result "0-1"]
[Round "10"]
[TimeControl "180+2"]
[Date "2023.03.28"]
[WhiteClock "0:00:36"]
[BlackClock "0:01:23"]

1. e4 e6 2. d4 d5 3. exd5 exd5 4. Bd3 Bd6 5. Qf3 Nc6 6. c3 Nge7 7. Bf4 O-O 8. Ne2 Bf5 9. Bxd6 Bxd3 10. Qxd3 Qxd6 11. O-O Rae8 12. Nd2 Ng6 13. g3 Re7 14. h4 Rfe8 15. Rae1 Nxh4 16. gxh4 Qg6+ 17. Qxg6 hxg6 18. Kg2 Rxe2 19. Rxe2 Rxe2 20. Rd1 Re8 21. Kf3 Nd8 22. Nf1 Ne6 23. Ne3 c6 24. a4 Kf8 25. a5 Ke7 26. a6 b5 27. Ng4 f6 28. Re1 Rh8 29. Kg3 Kf7 30. b3 b4 31. Ne3 bxc3 32. Rc1 Nxd4 33. Rxc3 Ne2+ 0-1


[Site "https://www.chess.com"]

[Event "Titled Tuesday Blitz March 28 Late 2023"]
[White "Domingo Nunez, Alejandro"]
[Black "Adan Bermudez, Sergio"]
[WhiteFideId "22245561"]
[BlackFideId "2292726"]
[WhiteElo "2230"]
[BlackElo "2292"]
[Result "1-0"]
[Round "10"]
[TimeControl "180+2"]
[Date "2023.03.28"]
[WhiteClock "0:00:05"]
[BlackClock "0:00:02"]

1. e4 c5 2. d4 cxd4 3. c3 Nf6 4. e5 Nd5 5. Nf3 d6 6. Qxd4 e6 7. Nbd2 Nc6 8. Bb5 Bd7 9. Bxc6 Bxc6 10. Nc4 dxe5 11. Ncxe5 Qc7 12. O-O f6 13. Nxc6 Qxc6 14. Re1 Be7 15. Qg4 Kf7 16. Nd4 h5 17. Qf3 Qd7 18. Nxe6 Rae8 19. Bd2 Ba3 20. Ng5+ Kg6 21. bxa3 fxg5 22. c4 Nf6 23. Bc3 Rxe1+ 24. Rxe1 Re8 25. Rxe8 Nxe8 26. Qe4+ Kh6 27. h4 gxh4 28. Qxh4 Qd1+ 29. Kh2 Qg4 30. Bd2+ g5 31. Qxg4 hxg4 32. Kg3 Nf6 33. Be3 a6 34. Bd4 Ne4+ 35. Kxg4 Nd6 36. c5 Nb5 37. Bb2 Kg6 38. f4 gxf4 39. Kxf4 Kf7 40. Ke5 Ke7 41. g4 Na7 42. g5 Nc6+ 43. Kd5 Kd7 44. Bf6 Na7 45. g6 Ke8 46. Ke6 Kf8 47. Kd7 Nb5 48. a4 Na7 49. Kc7 1-0


[Site "https://www.chess.com"]

[Event "Titled Tuesday Blitz March 28 Late 2023"]
[White "Dudzinski, Pawel"]
[Black "Vachier-Lagrave, Maxime"]
[WhiteFideId "1117890"]
[BlackFideId "623539"]
[WhiteElo "2099"]
[BlackElo "2740"]
[Result "0-1"]
[Round "10"]
[TimeControl "180+2"]
[Date "2023.03.28"]
[WhiteClock "0:00:02"]
[BlackClock "0:02:30"]

1. e4 e6 2. d4 d5 3. Nd2 Nf6 4. Bd3 c5 5. exd5 Nxd5 6. Nb3 cxd4 7. Nxd4 Qb6 8. Nb3 Nc6 9. Nf3 Bd7 10. c3 O-O-O 11. Qe2 Bd6 12. O-O h6 13. Nbd4 g5 14. Nxc6 Bxc6 15. Ne5 Bxe5 16. Qxe5 Qc7 17. Qxc7+ Kxc7 18. Be2 Nf4 19. Bxf4+ gxf4 20. Rfd1 Rdg8 21. f3 h5 22. Kf2 h4 23. h3 Rg5 24. Bf1 Rhg8 25. c4 e5 26. Rd2 f5 27. Rad1 e4 28. Rd4 Rg3 29. b4 exf3 30. gxf3 Rxf3+ 31. Ke1 Re8+ 32. Kd2 Rf2+ 33. Kc3 Re3+ 34. R1d3 Rxf1 0-1


[Site "https://www.chess.com"]

[Event "Titled Tuesday Blitz March 28 Late 2023"]
[White "Di Berardino, Diego Rafael"]
[Black "Hambleton, Aman"]
[WhiteFideId "2105446"]
[BlackFideId "2606577"]
[WhiteElo "2432"]
[BlackElo "2511"]
[Result "1-0"]
[Round "10"]
[TimeControl "180+2"]
[Date "2023.03.28"]
[WhiteClock "0:00:11"]
[BlackClock "0:00:06"]

1. e4 b6 2. c4 Bb7 3. Nc3 e6 4. g3 g6 5. Bg2 Bg7 6. Nge2 d6 7. O-O Ne7 8. d4 O-O 9. h3 e5 10. Be3 c5 11. d5 f5 12. f4 Nd7 13. Qd2 fxe4 14. Nxe4 Nf5 15. Bf2 Nf6 16. Ng5 Qe7 17. Ne6 Rf7 18. fxe5 dxe5 19. Nxg7 Kxg7 20. Rae1 Qd6 21. g4 Nd4 22. Nxd4 exd4 23. Re6 Qd7 24. Bg3 Kg8 25. Rexf6 Rxf6 26. Rxf6 Re8 27. Kh2 Re3 28. Qf2 Re8 29. Qf4 Qg7 30. Re6 Rf8 31. Qd6 Bc8 32. Re7 Qf6 33. Qxf6 Rxf6 34. Re8+ Rf8 35. Rxf8+ Kxf8 36. Be4 Ke7 37. Bb8 Kd8 38. Kg3 a5 39. Kf4 a4 40. Bc2 Ba6 41. b3 a3 42. Ke5 Kc8 43. Bd6 Kd7 44. Bf8 Bc8 45. Bh6 Kc7 46. Bc1 Bd7 47. Bxa3 h5 48. Bd1 hxg4 49. Bxg4 Be8 50. Bc1 Bf7 51. Bf4 Be8 52. Kf6+ Kd8 53. d6 b5 54. Ke5 bxc4 55. bxc4 Bc6 56. Bg5+ Ke8 57. d7+ Bxd7 58. Bxd7+ Kxd7 59. Kd5 d3 60. Kxc5 Ke6 61. Kd4 d2 62. Bxd2 Kf5 63. c5 Ke6 64. Ke4 Kd7 65. Kd5 g5 66. Bxg5 Kc7 67. c6 Kb6 68. Kd6 Ka7 69. c7 Kb7 70. Kd7 Kb6 71. c8=Q Kb5 72. Qc3 Ka4 73. Qb3+ Ka5 74. Kc6 Ka6 75. Qa3# 1-0


[Site "https://www.chess.com"]

[Event "Titled Tuesday Blitz March 28 Late 2023"]
[White "Ibadov, Dashgyn"]
[Black "Aradhya, Garg"]
[WhiteFideId "24107514"]
[BlackFideId "25006746"]
[WhiteElo "2208"]
[BlackElo "2263"]
[Result "1/2-1/2"]
[Round "10"]
[TimeControl "180+2"]
[Date "2023.03.28"]
[WhiteClock "0:00:04"]
[BlackClock "0:00:06"]

1. e4 e5 2. Nf3 Nc6 3. d4 exd4 4. Nxd4 Nf6 5. Nc3 Bb4 6. Nxc6 bxc6 7. Bd3 O-O 8. O-O d5 9. exd5 cxd5 10. h3 Be6 11. Qf3 Rb8 12. Bf4 Bd6 13. b3 c5 14. Rad1 Re8 15. Ne2 Qc7 16. Bxd6 Qxd6 17. Nf4 d4 18. Rfe1 Bd7 19. c3 Bc6 20. Rxe8+ Rxe8 21. Qg3 Ne4 22. Bxe4 Rxe4 23. Ne2 Qe7 24. Qb8+ Qe8 25. Qxe8+ Rxe8 26. Ng3 dxc3 27. Rc1 Bd5 28. Rxc3 Rc8 29. Nf5 Kf8 30. Nd6 Rc6 31. Nc4 Ke7 32. f3 Ra6 33. Ne3 Be6 34. a4 Rb6 35. Rxc5 Rxb3 36. Kf2 Rb7 37. f4 Kd6 38. Ra5 g6 39. g4 Kc6 40. f5 Bd7 41. Re5 Rb4 42. Re7 gxf5 43. gxf5 Bxf5 44. Rxf7 Bxh3 45. Rxh7 Bd7 46. a5 Rb5 47. Rh6+ Kc7 48. a6 Bc6 49. Ke2 Ra5 50. Kd3 Rxa6 51. Rh7+ Kb6 52. Nc4+ Kc5 53. Rh5+ Kb4 54. Ne5 Bb5+ 55. Kc2 Ra2+ 56. Kb1 Re2 57. Rh4+ Kb3 58. Rh3+ Kb4 59. Nd3+ Ka5 60. Nb2 Rf2 61. Ra3+ Kb6 62. Rg3 Rf6 63. Kc2 a5 64. Kc3 a4 65. Kb4 Rf4+ 66. Ka3 Ka5 67. Re3 Rd4 68. Rc3 Rf4 69. Re3 Rg4 70. Rc3 Rg1 71. Ka2 Kb4 72. Re3 Rg2 73. Re4+ Ka5 74. Re3 Bc4+ 75. Ka3 Bb5 76. Ka2 Rd2 77. Rc3 Rg2 78. Re3 1/2-1/2


[Site "https://www.chess.com"]

[Event "Titled Tuesday Blitz March 28 Late 2023"]
[White "Belov, Alexei"]
[Black "Adewumi, Tanitoluwa"]
[WhiteFideId "4128206"]
[BlackFideId "30966396"]
[WhiteElo "2539"]
[BlackElo "2733"]
[Result "0-1"]
[Round "10"]
[TimeControl "180+2"]
[Date "2023.03.28"]
[WhiteClock "0:00:45"]
[BlackClock "0:00:04"]

1. e4 c5 2. Nf3 e6 3. d4 cxd4 4. Nxd4 Nc6 5. Nc3 Qc7 6. Be2 a6 7. a4 Nf6 8. O-O Bb4 9. Nxc6 dxc6 10. Qd4 Bd6 11. h3 e5 12. Qe3 Be6 13. Qg3 g6 14. Bg5 Nd7 15. a5 h6 16. Be3 Bb4 17. f4 exf4 18. Bxf4 Qd8 19. Bd6 Bxd6 20. Qxd6 Qe7 21. Qc7 Nc5 22. Qe5 O-O 23. Bc4 Nd7 24. Qd4 c5 25. Nd5 cxd4 26. Nxe7+ Kg7 27. Nd5 Rac8 28. b3 Ne5 29. Nb6 Bxc4 30. bxc4 Rc5 31. Rab1 Rxa5 32. Nd5 b5 33. cxb5 Rxb5 34. Rxb5 axb5 35. Rb1 Rc8 36. Rxb5 Rxc2 37. Nb4 Rc1+ 38. Kh2 Nc4 39. Rc5 Rc3 40. Nd5 Rc2 41. Nb4 Rc1 42. Nd5 d3 43. Nb6 d2 44. Rd5 Nxb6 45. Rxd2 Nc4 46. Re2 Ne5 47. Kg3 Rc3+ 48. Kf4 Kf6 49. Rf2 g5# 0-1


[Site "https://www.chess.com"]

[Event "Titled Tuesday Blitz March 28 Late 2023"]
[White "Hirneise, Jens"]
[Black "Escalona Landi, Samid Eduardo"]
[WhiteFideId "24614734"]
[BlackFideId "3937437"]
[WhiteElo "2345"]
[BlackElo "2207"]
[Result "0-1"]
[Round "10"]
[TimeControl "180+2"]
[Date "2023.03.28"]
[WhiteClock "0:00:12"]
[BlackClock "0:00:14"]

1. d4 Nf6 2. c4 e6 3. Nc3 Bb4 4. a3 Bxc3+ 5. bxc3 d6 6. Qc2 O-O 7. e4 Nc6 8. Bd3 e5 9. Ne2 b6 10. O-O Nd7 11. f4 f6 12. Be3 Na5 13. c5 dxc5 14. dxc5 Bb7 15. cxb6 cxb6 16. Rad1 Qe7 17. fxe5 Nxe5 18. Ng3 Bc8 19. Be2 Be6 20. Nf5 Bxf5 21. exf5 Qxa3 22. Bd4 Rfe8 23. Ra1 Qd6 24. Rad1 Rac8 25. Qa2+ Kh8 26. Bh5 Re7 27. Kh1 Qc7 28. Be2 Nac6 29. Ba6 Rd8 30. Bb5 Ng4 31. g3 Nxd4 32. cxd4 Ne3 33. Rc1 Qd6 34. Rfe1 Nxf5 35. Rxe7 Nxe7 36. Qg2 Nd5 37. Re1 a5 38. h3 g6 39. Kh2 Kg7 40. Qe4 Kf7 41. Bc4 Kg7 42. Bxd5 Qxd5 43. Qe7+ Kg8 44. Qxf6 Rf8 45. Qe6+ Qxe6 46. Rxe6 Rf2+ 47. Kg1 Rb2 48. d5 Kf7 49. Rc6 a4 50. Rc7+ Kf6 51. Ra7 b5 52. Rxh7 a3 53. Ra7 a2 54. d6 Ke6 55. d7 Ke7 56. h4 Kd8 57. g4 Rb1+ 58. Kg2 a1=Q 59. Rxa1 Rxa1 60. h5 gxh5 61. gxh5 Kxd7 62. Kf3 Ra4 63. Ke3 Rh4 64. Kd3 Rxh5 65. Kc3 Rh4 66. Kb3 Ra4 67. Kc2 Rb4 68. Kc3 Rc4+ 69. Kb3 Kc6 70. Kb2 Kc5 71. Kb3 Rh4 72. Kb2 Rh3 73. Kc2 Kb4 74. Kb1 Kb3 75. Ka1 Rh1# 0-1


[Site "https://www.chess.com"]

[Event "Titled Tuesday Blitz March 28 Late 2023"]
[White "Vlassov, Nikolai"]
[Black "Sreyas Payyappat"]
[WhiteFideId "4103360"]
[BlackFideId "46674969"]
[WhiteElo "2324"]
[BlackElo "2083"]
[Result "1-0"]
[Round "10"]
[TimeControl "180+2"]
[Date "2023.03.28"]
[WhiteClock "0:01:26"]
[BlackClock "0:01:28"]

1. e4 c6 2. d4 d5 3. e5 Bf5 4. Nc3 e6 5. g4 Bg6 6. Nge2 c5 7. Be3 Nc6 8. dxc5 Nxe5 9. Nf4 d4 10. Bb5+ Ke7 11. Nfd5+ exd5 12. Bxd4 f6 13. Qe2 Be4 14. Nxe4 dxe4 15. O-O-O Qd5 16. Bxe5 Qxe5 17. Rd7+ Ke8 18. Rd5+ Kf7 19. Rxe5 fxe5 20. Qc4+ Kf6 21. Bd7 Nh6 22. Qe6+ Kg5 23. Qxe5+ Kg6 24. Bf5+ Kg5 25. h4# 1-0


[Site "https://www.chess.com"]

[Event "Titled Tuesday Blitz March 28 Late 2023"]
[White "cryptoguru02"]
[Black "Thomforde-Toates, Noah"]
[BlackFideId "30951992"]
[WhiteElo "2532"]
[BlackElo "2660"]
[Result "0-1"]
[Round "10"]
[TimeControl "180+2"]
[Date "2023.03.28"]
[WhiteClock "0:00:03"]
[BlackClock "0:00:08"]

1. d4 Nf6 2. c4 d6 3. Nc3 g6 4. e4 Bg7 5. Be2 O-O 6. Be3 c5 7. d5 e6 8. Nf3 exd5 9. cxd5 b5 10. e5 dxe5 11. Bxc5 Re8 12. Bxb5 e4 13. Nd2 Nbd7 14. Be3 a6 15. Be2 Nb6 16. Nc4 Nbxd5 17. Bd4 Be6 18. O-O Nf4 19. b3 Rc8 20. Rc1 Nxe2+ 21. Nxe2 Bxc4 22. bxc4 Qa5 23. Qb3 Rb8 24. Qc2 Qh5 25. h3 Qg5 26. Ng3 e3 27. Bxf6 Qxf6 28. fxe3 Qe5 29. Rf3 Rb2 30. Qd3 Rxa2 31. Qd5 Re7 32. Qd8+ Re8 33. Qd5 Qxd5 34. cxd5 Be5 35. Ne4 f5 36. Nc5 a5 37. Rf2 Ra3 38. Re2 Bd6 39. Ne6 a4 40. Kf2 Rd3 41. Rc6 Rxd5 42. Nc7 Rc8 0-1


[Site "https://www.chess.com"]